[Event "Gibraltar Amateurs A 2020"]
[Site "Caleta"]
[Date "2020.01.24"]
[Round "5.12"]
[White "O Muireagain, Colm"]
[Black "Bussmann, John"]
[Result "0-1"]
[ECO "B07"]
[WhiteElo "1376"]
[BlackElo "1752"]
[Annotator "NA RC"]
[PlyCount "60"]
[EventDate "2020.01.20"]
[EventType "swiss"]
[EventCountry "GGB"]
[SourceTitle "playchess.com"]
[Source "ChessBase"]
[SourceQuality "1"]
[TimeControl "6600+10"]

1. e4 d6 2. d4 g6 3. Nc3 Bg7 4. Be3 Nf6 5. Qd2 Ng4 6. Bg5 h6 7. Bh4 Nd7 8. Be2 Ngf6 9. f4 c6 10. Nf3 Qa5 11. O-O b5 12. e5 dxe5 13. fxe5 Nh7 14. e6 fxe6 15. Qd3 Bf6 16. Qxg6+ Kd8 17. Qe4 Ng5 18. Bxg5 hxg5 19. Qxc6 g4 20. Qxa8 gxf3 21. Rxf3 Bxd4+ 22. Kh1 Qc7 23. h3 Qe5 24. Bd3 Nf6 25. Raf1 a6 26. a4 Kc7 27. axb5 Ng4 28. Qc6+ Kb8 29. Rf4 Bb7 30. Qd7 Rxh3# 0-1

[Event "Gibraltar Amateurs A 2020"]
[Site "Caleta"]
[Date "2020.01.24"]
[Round "5.13"]
[White "Kearsley, Raymond J"]
[Black "Bryant, Richard B E"]
[Result "1/2-1/2"]
[WhiteElo "1611"]
[BlackElo "1849"]
[Annotator "NA RC"]
[PlyCount "21"]
[EventDate "2020.01.20"]
[EventType "swiss"]
[EventCountry "GGB"]
[SourceTitle "playchess.com"]
[Source "ChessBase"]
[SourceQuality "1"]
[TimeControl "6600+10"]

1. e4 b6 2. d4 Bb7 3. Nc3 e6 4. Nf3 Bb4 5. Bd3 Nf6 6. Qe2 c5 7. a3 Bxc3+ 8. bxc3 c4 9. Bxc4 Nxe4 10. Bb2 Qc7 11. O-O 1/2-1/2

[Event "Gibraltar Amateurs A 2020"]
[Site "Caleta"]
[Date "2020.01.24"]
[Round "5.14"]
[White "Hudson, Jeremy"]
[Black "Kovacevic, Aleksandar S"]
[Result "0-1"]
[ECO "C00"]
[WhiteElo "1570"]
[BlackElo "1804"]
[Annotator "NA RC"]
[PlyCount "52"]
[EventDate "2020.01.20"]
[EventType "swiss"]
[EventCountry "GGB"]
[SourceTitle "playchess.com"]
[Source "ChessBase"]
[SourceQuality "1"]
[TimeControl "6600+10"]

1. e4 e6 2. c4 d5 3. exd5 exd5 4. cxd5 Qxd5 5. Nc3 Qd8 6. Bc4 {[%emt 0:01:31] C00: French: Unusual White 2nd moves} Nf6 7. Qb3 Qe7+ 8. Nge2 (8. Kd1 Qd7 9. Nf3 Bd6 10. Re1+ Kf8 11. d4 {½-½ (11) Markovic,M (2466)-Drazic,S (2411) Backi Petrovac 2018}) 8... Nc6 9. d3 $146 ({Predecessor:} 9. O-O g6 10. d4 Bg7 11. Bg5 O-O 12. Rfe1 Na5 13. Qb5 Nxc4 14. Qxc4 {½-½ (65) Wiberg,I (1759)-Morkore,R (1317) Kollafjord 2017}) 9... a6 10. Bf4 b5 11. Bxb5 axb5 12. Nxb5 Rb8 13. O-O g5 14. Ned4 Nxd4 15. Nxc7+ {[%emt 0:00:32] [#]} Qxc7 $1 16. Qxb8 Qxb8 17. Bxb8 Nc6 18. Rac1 Kd7 19. Bg3 Nd5 20. a4 f5 21. f4 $19 Nd4 22. Rfe1 gxf4 23. Bf2 Ne3 24. Kh1 Bb7 25. Bxe3 fxe3 26. Rxe3 Bh6 0-1

[Event "Gibraltar Amateurs A 2020"]
[Site "Caleta"]
[Date "2020.01.24"]
[Round "5.16"]
[White "Poggio, Freddie"]
[Black "Jimenez Urquijo, Juan Manuel"]
[Result "0-1"]
[ECO "D05"]
[WhiteElo "1680"]
[BlackElo "1567"]
[Annotator "NA RC"]
[PlyCount "107"]
[EventDate "2020.01.20"]
[EventType "swiss"]
[EventCountry "GGB"]
[SourceTitle "playchess.com"]
[Source "ChessBase"]
[SourceQuality "1"]
[TimeControl "6600+10"]

1. d4 d5 2. Nf3 Nf6 3. Nbd2 e6 4. e3 c5 5. c3 b6 6. Bd3 Bb7 7. O-O Nbd7 8. Qe2 Be7 9. Re1 cxd4 10. exd4 O-O 11. Ng5 g6 12. Nf1 Ne4 13. Nxe4 dxe4 14. Bxe4 Bxe4 15. Qxe4 Bf6 16. Bh6 Re8 17. Rad1 Bh8 18. Nd2 Nf6 19. Qf3 Rc8 20. Bg5 Qd5 21. Bxf6 Qxf3 22. Nxf3 Bxf6 23. Ne5 Red8 24. f4 h5 25. g4 hxg4 26. Nxg4 Bh4 27. Re3 Kg7 28. Kg2 b5 29. Rh3 Be7 30. b4 Rd6 31. Rhd3 Ra6 32. R1d2 Ra3 33. d5 exd5 34. Rxd5 Raxc3 35. Rxb5 Rc2 36. Rxc2 Rxc2+ 37. Kg3 Rxa2 38. Rb7 Bf6 39. b5 Bd4 40. Rd7 Ra3+ 41. Kg2 Ra4 42. h4 Bb6 43. Kf3 Rd4 44. Rb7 Rc4 45. Rxf7+ Kxf7 46. Ne5+ Ke6 47. Nxc4 Bd8 48. Kg4 Kf6 49. Nd6 Ke6 50. Nc8 Bb6 51. Nxb6 axb6 52. Kg5 Kf7 53. f5 gxf5 54. Kxf5 0-1

[Event "Gibraltar Amateurs A 2020"]
[Site "Caleta"]
[Date "2020.01.24"]
[Round "5.17"]
[White "Clare, Steve"]
[Black "Henderson, SE."]
[Result "1-0"]
[ECO "C34"]
[WhiteElo "1632"]
[BlackElo "1517"]
[Annotator "NA RC"]
[PlyCount "89"]
[EventDate "2020.01.20"]
[EventType "swiss"]
[EventCountry "GGB"]
[SourceTitle "playchess.com"]
[Source "ChessBase"]
[SourceQuality "1"]
[TimeControl "6600+10"]

1. e4 e5 2. f4 exf4 3. Nf3 Be7 4. Bc4 Nf6 5. Nc3 O-O 6. O-O d6 7. d4 Nxe4 8. Bxf4 Nxc3 9. bxc3 Nd7 10. Qd3 Nf6 11. Rae1 d5 12. Bb3 h6 13. c4 c6 14. cxd5 Nxd5 15. Bd2 Bd6 16. Ne5 Be6 17. c3 Qc7 18. Bc2 f5 19. Rf3 Rf6 20. Rg3 Raf8 21. h4 Ne7 22. h5 Bf7 23. Rh3 Be6 24. g4 g5 25. hxg6 Bxe5 26. dxe5 Rxg6 27. g5 hxg5 28. Qg3 Kg7 29. Qh2 Rg8 30. Be3 Kf7 31. Bc5 Nd5 32. c4 Nf4 33. Rh7+ R6g7 34. Rxg7+ Kxg7 35. Qg3 Kf7 36. Qh2 Kg6 37. Qg3 Qa5 38. Be7 Kf7 39. Bd6 Qd2 40. Bd1 Qxd1 41. Rxd1 Ne2+ 42. Kg2 Nxg3 43. Kxg3 Bxc4 44. Bc5 Bd5 45. Rd3 1-0

[Event "Gibraltar Amateurs A 2020"]
[Site "Caleta"]
[Date "2020.01.24"]
[Round "5.18"]
[White "Dhanwani, Aditya"]
[Black "Longdin, Michael"]
[Result "0-1"]
[ECO "A80"]
[WhiteElo "1565"]
[BlackElo "1680"]
[Annotator "NA RC"]
[PlyCount "66"]
[EventDate "2020.01.20"]
[EventType "swiss"]
[EventCountry "GGB"]
[SourceTitle "playchess.com"]
[Source "ChessBase"]
[SourceQuality "1"]
[TimeControl "6600+10"]

1. d4 e6 2. Nf3 f5 3. h3 Nf6 4. g4 fxg4 5. hxg4 Nxg4 6. e4 Be7 7. Nh4 Bxh4 8. Qxg4 Bxf2+ 9. Kxf2 Qf6+ 10. Kg2 Qxd4 11. Rxh7 O-O 12. Qh4 Rf2+ 13. Kg3 Rxf1 14. Rh8+ Kf7 15. Qh5+ Ke7 16. Bg5+ Kd6 17. Qh2 Qe5+ 18. Kg2 Qxh2+ 19. Kxh2 Nc6 20. Bh4 Nd4 21. Kg2 Rc1 22. Bg3+ Kc6 23. a4 Nxc2 24. Ra2 Rxb1 25. b3 Ne3+ 26. Kf3 Rxb3 27. Ke2 Nc4 28. Rc2 d5 29. exd5+ exd5 30. Rh1 Rxg3 31. Kf2 Rg6 32. Re1 Bf5 33. Rc3 Rf8 0-1